 Dungeon Crawl Stone Soup version 0.26.0-8-g74fc34ddfb (webtiles) character file.

Game seed: 10405683759015768330

95 H0rd4k the Magician (level 4, -3/24 HPs)
             Began as a Deep Elf Hedge Wizard on Jan 12, 2021.
             Killed by miscasting Conjure Flame (7 damage)
             ... on level 5 of the Dungeon.
             The game lasted 00:04:55 (2777 turns).

H0rd4k the Magician (Deep Elf Hedge Wizard)         Turns: 2777, Time: 00:04:56

Health: -3/24      AC:  2    Str:  7    XL:     4   Next: 39%
Magic:  0/14       EV: 13    Int: 20    God:
Gold:   125        SH:  0    Dex: 14    Spells: 6/15 levels left

rFire    . . .     SeeInvis .   a - +1 dagger
rCold    . . .     Faith    .   (no shield)
rNeg     . . .     Spirit   .   b - +0 robe
rPois    .         Reflect  .   c - +0 hat
rElec    .         Harm     .   (no cloak)
rCorr    .         Rampage  .   (no gloves)
Will     .....                  (no boots)
Stlth    ++........             (no amulet)
HPRegen  0.08/turn              (no ring)
MPRegen  0.14/turn              (no ring)

@: very slightly contaminated, hasted, very quick
A: no striking features
a: no special abilities


You were on level 5 of the Dungeon.
You visited 1 branch of the dungeon, and saw 5 of its levels.

You collected 125 gold pieces.

Inventory:

Hand Weapons
 a - a +1 dagger (weapon)
 m - a +1 dagger of pain
Armour
 b - a +0 robe (worn)
 c - a +0 hat (worn)
Scrolls
 d - 3 scrolls of remove curse
 e - a scroll of magic mapping
 f - 6 scrolls of identify {unknown}
 h - a scroll of fog {unknown}
 i - a scroll of enchant weapon
 j - a scroll of amnesia {unknown}
 l - 2 scrolls of teleportation {unknown}
 n - 2 scrolls of noise {unknown}
 p - a scroll of blinking {unknown}
Potions
 g - a potion of haste
 k - a potion of berserk rage {unknown}
 o - a potion of heal wounds {unknown}


   Skills:
 + Level 2.5 Dodging
 + Level 2.7 Stealth
 + Level 6.1 Spellcasting
 + Level 2.1 Conjurations
 + Level 1.1 Summonings
 + Level 1.1 Translocations
 * Level 1.0 Fire Magic
 * Level 0.5 Air Magic
 * Level 0.5 Poison Magic


You had 6 spell levels left.
You knew the following spells:

 Your Spells              Type           Power        Failure   Level
a - Magic Dart            Conj           56%          4%          1
b - Blink                 Tloc           N/A          10%         2
c - Conjure Flame         Conj/Fire      12%          16%         3
d - Mephitic Cloud        Conj/Pois/Air  10%          21%         3

Your spell library contained the following spells:

 Spells                   Type           Power        Failure   Level
 Call Imp                 Summ           10%          10%         2
 Slow                     Hex            6%           16%         2


Dungeon Overview and Level Annotations

Branches:
Dungeon (5/15)
 Temple: D:4-7

Altars:

Annotations:
D:4 3 runed translucent doors, exclusions: 3 doors and upstairs, floatboth's ghost, novice DrCj


Message History

Found a robe.
There is a stone staircase leading down here.
You climb downwards. 2 zombies come into view.
Found a hand axe and a hunting sling.
Found a stone staircase leading down.
There is a stone staircase leading up here.
An adder comes into view.
An adder skeleton comes into view.
Found a stone staircase leading up.
An ufetubus comes into view.
Found a scroll of remove curse.
Casting: Mephitic Cloud (extremely dangerous; 21% risk of failure)
Confirm with . or Enter, or press ? or * to list all spells.
The spell is quite dangerous to cast (16% risk of failure)!
Continue anyway? [Y]es or [N]o only, please.
The spell is quite dangerous to cast (16% risk of failure)!
Continue anyway?
You miscast Conjure Flame.
You are very lightly contaminated with residual magic.
Strange energies run through your body!
You die...

##....>...... .
#............
#Z###.....Z...)..
#<..#...<........ .
#..............
#.#####Z...........
#....###...........
#...##....S.....
#..@.........##
#.###...)..### #.
#..##...# #. #.##
..... #. #.# ##.##
.. #.# .. . #.# ?#


You could see an adder.

Vanquished Creatures
  An orc wizard (D:4)
  An ooze (D:2)
  2 worms (D:2)
  3 orcs (D:4)
  3 giant cockroaches
  5 goblins
  6 hobgoblins
  4 jackals (D:2)
  6 kobolds
  2 quokkas
  8 bats
  3 frilled lizards
  11 rats
55 creatures vanquished.

Vanquished Creatures (others)
  2 fungi (D:4)
  3 toadstools (D:4)
5 creatures vanquished.

Grand Total: 60 creatures vanquished

Notes
Turn   | Place    | Note
-------+----------+-------------------------------------------
     0 | D:1      | H0rd4k the Deep Elf Hedge Wizard began the quest for the
                  | Orb.
     0 | D:1      | Reached XP level 1. HP: 10/10 MP: 7/7
   335 | D:1      | Reached skill level 5 in Spellcasting
   364 | D:1      | Reached XP level 2. HP: 14/15 MP: 6/10
  1222 | D:2      | Reached XP level 3. HP: 4/19 MP: 0/12
  1225 | D:2      | Learned a level 2 spell: Blink
  1229 | D:2      | Learned a level 3 spell: Conjure Flame
  1233 | D:2      | Learned a level 3 spell: Mephitic Cloud
  2259 | D:2      | Reached skill level 6 in Spellcasting
  2528 | D:3      | Noticed an ice beast
  2538 | D:4      | Found a runed translucent gate.
  2538 | D:4      | Found a runed translucent gate.
  2538 | D:4      | Found a runed translucent gate.
  2538 | D:4      | Noticed floatboth's ghost (novice DrCj)
  2553 | D:4      | Identified the +10 hand axe of Patterns {vorpal, rElec
                  | Str+4 Int+4}
  2553 | D:4      | Identified the +1 leather armour "Lupuusy" {rPois}
  2734 | D:4      | Reached skill level 1 in Fire Magic
  2734 | D:4      | Reached XP level 4. HP: 22/24 MP: 2/14
  2770 | D:5      | Entered Level 5 of the Dungeon
  2777 | D:5      | Killed by miscasting Conjure Flame

Illustrated notes

Levels and vault maps discovered:
D:1:      noname_arrival_rooms_in_the_neighbourhood, layout_rooms,
          amethyst_killhole, minivault_19, fountainhead
D:2:      layout_basic
D:3:      layout_loops_corners, minmay_quadrilaterals
D:4:      layout_rooms, kennysheep_little_box, biasface_ghost_orc_armoury,
          serial_shops, shop, minmay_gold_behind_fungi, uniq_purgy
D:5:      layout_rooms, zin_treasury, uniq_eustachio

Skill      XL: |  1  2  3 |
---------------+----------+-----
Spellcasting   | 5 6 |  6.1
Conjurations   | 2 |  2.1
Fire Magic     | 1 |  1.0
Dodging        | |  2.5
Stealth        | |  2.7
Summonings     | |  1.1
Translocations | |  1.1
Air Magic      | |  0.5
Poison Magic   | |  0.5

Action                   |  1- 3 |  4- 6 || total
-------------------------+-------+-------++-------
 Cast: Magic Dart        |   158 |     1 ||   159
       Mephitic Cloud    |       |     1 ||     1
  Use: Scroll            |     3 |       ||     3
       Potion            |       |     1 ||     1
Armor: Robe              |     9 |       ||     9
Dodge: Dodged            |    16 |     4 ||    20
